 Dungeon Crawl Stone Soup version 0.21.0-24-g2553a33 (webtiles) character file.

73 Mgcat the Chopper (level 4, 0/36 HPs)
             Began as a Demonspawn Fighter on Jan 19, 2018.
             Slain by a worm (7 damage)
             ... on level 2 of the Dungeon.
             The game lasted 00:04:15 (2058 turns).

Mgcat the Chopper (Demonspawn Fighter)              Turns: 2058, Time: 00:04:15

Health: 0/36       AC: 12    Str: 16    XL:     4   Next: 8%
Magic:  4/4        EV:  4    Int:  9    God:
Gold:   117        SH:  0    Dex: 14    Spells: 3/3 levels left

rFire    . . .     SeeInvis .   i - -1 short sword (curse)
rCold    . . .     Gourm    .   (no shield)
rNeg     . . .     Faith    .   e - +0 plate armour
rPois    .         Spirit   .   (no helmet)
rElec    .         Reflect  .   (no cloak)
rCorr    .         Harm     .   (no gloves)
MR       .....                  (no boots)
Stlth    ..........             (no amulet)
HPRegen  0.12/turn              (no ring)
MPRegen  0.09/turn              (no ring)

@: no status effects
A: rugged brown scales 1
a: no special abilities


You were on level 2 of the Dungeon.
You were not hungry.

You visited 1 branch of the dungeon, and saw 2 of its levels.

You collected 117 gold pieces.

Inventory:

Hand Weapons
 a - a +0 war axe
 i - a cursed -1 short sword (weapon)
 j - a +0 short sword
Armour
 b - a +0 scale mail
 c - a +0 shield
 e - a +0 plate armour (worn)
Scrolls
 g - a scroll of identify
Potions
 d - a potion of might
Comestibles
 f - 2 rations
 h - 6 chunks of flesh


   Skills:
 - Level 3.0 Fighting
 + Level 4.0 Axes
 - Level 2.6 Armour
 - Level 2.6 Shields


You had 3 spell levels left.
You didn't know any spells.

Dungeon Overview and Level Annotations

Branches:
Dungeon (2/15)

Altars:
Kikubaaqudgha


Innate Abilities, Weirdness & Mutations

You are partially covered in rugged brown scales. (AC +1, +3% HP)


Message History

The worm is severely wounded.
The worm closely misses you.
You hit the worm.
The worm is severely wounded.
The worm bites you.
You hit the worm but do no damage.
The worm is severely wounded.
The worm bites you but does no damage.
You hit the worm but do no damage.
The worm is severely wounded.
Your plate armour prevents you from hitting the worm.
The worm is severely wounded.
The worm bites you!
* * * LOW HITPOINT WARNING * * *
You hit the worm but do no damage.
The worm is severely wounded.
You hit the worm.
The worm is almost dead.
The worm bites you!
You die...

#. #####.## #####.# #......#
.....# #.###.##### ....##
#.........# #...## #.#######.#
#....## #.# #.# # ##.....## #.#
#.# $⌠.⌠#.....(.##### #.#
####.# #[.........÷@.# #.#
#....# ###......####w# #.#
#.#..# ...........###.###
#.####....# #................#
#..[......#
...######.#####.#.#######.#.###
#. #.#.....<.........#.# #
#.#.###...#########.# #.#
#..##...## #.# #..#.###.## #.#


You could see a worm.

Vanquished Creatures
  An adder (D:2)
  An ooze (D:2)
  An adder skeleton (D:2)
  A dart slug (D:1)
  A leopard gecko (D:1)
  6 bats
  4 bat skeletons (D:2)
  A bat zombie (D:2)
  2 giant cockroaches (D:1)
  5 goblins
  7 hobgoblins
  2 jackals (D:1)
  A quokka (D:2)
  A ball python (D:1)
  2 ball python skeletons (D:2)
  4 frilled lizards
  A giant cockroach zombie (D:2)
  7 kobolds
  3 rats (D:1)
51 creatures vanquished.

Notes
Turn   | Place    | Note
-------+----------+-------------------------------------------
     0 | D:1      | Mgcat the Demonspawn Fighter began the quest for the Orb.
     0 | D:1      | Reached XP level 1. HP: 18/18 MP: 1/1
    60 | D:1      | Reached skill level 2 in Axes
   251 | D:1      | Gained mutation: You are partially covered in rugged brown scales. (AC +1, +3% HP) [demonic ancestry]
   251 | D:1      | Reached XP level 2. HP: 18/24 MP: 2/2
   588 | D:1      | Reached skill level 3 in Axes
   742 | D:1      | Reached XP level 3. HP: 29/29 MP: 3/3
  1303 | D:2      | Found an ancient bone altar of Kikubaaqudgha.
  1942 | D:2      | Reached XP level 4. HP: 31/36 MP: 4/4
  1946 | D:2      | Reached skill level 4 in Axes
  2058 | D:2      | Slain by a worm

Skill      XL: |  1  2  3  4 |
---------------+-------------+-----
Axes           | 2 3 4 |  4.0
Fighting       | |  3.0
Armour         | |  2.6
Shields        | |  2.6

Action                   |  1- 3 |  4- 6 || total
-------------------------+-------+-------++-------
Melee: War axe           |    42 |       ||    42
       Short sword       |   188 |    45 ||   233
  Use: Scroll            |     2 |       ||     2
  Eat: Chunk             |     3 |     1 ||     4
Armor: Scale mail        |    11 |       ||    11
       Plate armour      |   215 |    34 ||   249
Dodge: Dodged            |    55 |     6 ||    61
